cohdb
Replays
Latest Replays
All Replays
Popular Replays
Top Player Replays
Match Explorer
How It Works
Community
CoH3 Stats
Reddit
Sign in to upload your games and track your stats! →
Sign in with Steam
Match 46978653
Unlisted
Match 46978653
Overview
Messages
Build Orders
End
Kradschützen Motorcycle Team
Kradschützen Motorcycle Team
Selects Panzerjäger Kommand Battlegroup
Selects Panzerjäger Kommand Battlegroup
Selects Mine Fields
250 Light Carrier
Construct Light Support Kompanie
Assault Grenadier Squad
Panzerjäger Squad
Fire Support Elements
Selects Tank Busters
Flakvierling Half-track
Panzerjäger Mechanized Group
Vehicle Survival Package
Construct Mechanized Kompanie
Selects Defensive Positions
StuG III D Assault Gun
2.5-tonne Medical Truck
254 Reconnaissance Tractor
Selects Crew Shock Tactics
StuG III D Assault Gun
Emergency Repair Kits
Willaguy
tagilla
0
0
Comments
sign in to comment!
No comments posted yet!